 Dungeon Crawl Stone Soup version 0.31-a0-1405-g2bb1a01664 (webtiles) character file.

Game seed: 6288919040370906742

123 bmb222 the Trooper (level 5, -3/43 HPs)
             Began as a Formicid Monk on Dec 25, 2023.
             Succumbed to a scorpion's poison
             ... on level 4 of the Dungeon.
             The game lasted 00:02:39 (2407 turns).

bmb222 the Trooper (Formicid Monk)                  Turns: 2407, Time: 00:02:40

Health: -3/43      AC:  8    Str: 18    XL:     5   Next: 28%
Magic:  5/5        EV:  9    Int:  9    God:
Gold:   236        SH:  0    Dex: 16    Spells: 4/4 levels left

rFire   + . .        m - +0 mace (holy)
rCold   . . .        d - orb {light}
rNeg    . . .        p - +0 chain mail
rPois   .            (helmet unavailable)
rElec   .            (no cloak)
rCorr   .            (no gloves)
SInv    +            (no boots)
Will    .....        (no amulet) Stlth
                     f - ring of protection from fire
HPRegen 0.27/turn    (no ring)
MPRegen 0.09/turn

%: no passive effects
@: confused, lethally poisoned (-3 -> -37), ambrosia-drunk, glowing
A: permanent stasis, dig shafts and tunnels, antennae 3, four strong arms,
mutation resistance 1, sense surroundings 1
a: Dig, Shaft Self


You were on level 4 of the Dungeon.
You visited 1 branch of the dungeon, and saw 4 of its levels.

You collected 236 gold pieces.

Inventory:

Hand Weapons
 a - a +0 mace
 m - a +0 mace of holy wrath (weapon)
Armour
 b - a +0 robe
 d - an orb of light (worn)
 h - a +0 leather armour of positive energy
 p - a +0 chain mail (worn)
Jewellery
 f - a ring of protection from fire (left hand)
Scrolls
 e - 3 scrolls of identify {unknown}
 j - a scroll of vulnerability {unknown}
 k - a scroll of amnesia {unknown}
 l - a scroll of butterflies {unknown}
 n - 2 scrolls of noise {unknown}
 o - a scroll of teleportation {unknown}
Potions
 g - 2 potions of haste
 i - a potion of curing {unknown}


   Skills:
 + Level 4.4 Fighting
 + Level 3.9 Maces & Flails
 * Level 1.5 Armour
 - Level 3.4 Dodging


You had 4 spell levels left.
You didn't know any spells.
Your spell library contained the following spells:

 Spells                   Type           Power      Damage    Failure   Level
 Stone Arrow              Conj/Erth      0%         3d7       100%        3
 Animate Armour           Summ/Erth      0%         N/A       100%        4
 Lehudib's Crystal Spear  Conj/Erth      0%         10d2      100%        8


Dungeon Overview and Level Annotations

Branches:
Dungeon (4/15)
 Temple: D:4-7

Altars:
Ashenzari

Annotations:
D:2 Terence


Innate Abilities, Weirdness & Mutations

You cannot be hasted, slowed, berserked, paralysed or teleported.
You can dig through walls and to a lower floor.
You have a pair of large antennae on your head. (SInv)
Your four strong arms can wield two-handed weapons with a shield.
You are somewhat resistant to further mutation.
You passively map a small area around you.


Message History

The scorpion is heavily wounded.
You feel very sick. The scorpion barely misses you.
You barely miss the scorpion.
The scorpion is heavily wounded.
You feel sick. The scorpion stings you.
You are more poisoned.
The scorpion poisons you! The scorpion stings you.
You hit the scorpion.
The scorpion is heavily wounded.
You feel very sick.
The scorpion stings you but does no damage.
You hit the scorpion but do no damage.
The scorpion is heavily wounded.
You feel very sick. The scorpion barely misses you. The scorpion stings you.
You are lethally poisoned!
The scorpion poisons you!
You are too injured to fight recklessly!
You are too injured to fight recklessly!
You are too injured to fight recklessly!
You hit the scorpion but do no damage.
The scorpion is heavily wounded.
* * * LOW HITPOINT WARNING * * *
You feel very sick. The scorpion stings you.
* * * LOW HITPOINT WARNING * * *
You are more poisoned.
The scorpion poisons you!
You are confused.
You feel invigorated.
* * * LOW HITPOINT WARNING * * *
You feel very sick. The scorpion stings you.
* * * LOW HITPOINT WARNING * * *
You are more poisoned.
The scorpion poisons you!
You barely miss the scorpion.
The scorpion is heavily wounded.
You die...

, , #...# ####..)##.#.#
#.#.# #......##.#)# ,
...# #.##.#.##.#.#
###.###.#####.##.#.####.#
..............##.#....).#
###.###.########.########
, * ##.########.# * , *,
#...##....... , ,
*#...@s..####### *
#.......<.....# , , , ,
##+#....#####.# **
*,#....# , *,* #....# ,
###.## * #.# , #.# , ,
,,.. *


You could see a scorpion.

Vanquished Creatures
  2 orc wizards
  8 orcs
  15 bats
  4 endoplasms
  4 giant cockroaches
  4 goblins
  6 hobgoblins
  5 kobolds
  3 quokkas
  A ball python (D:3)
  3 frilled lizards
  4 rats
59 creatures vanquished.

Notes
Turn   | Place    | Note
-------+----------+-------------------------------------------
     0 | D:1      | bmb222 the Formicid Monk began the quest for the Orb.
     0 | D:1      | Reached XP level 1. HP: 18/18 MP: 1/1
   227 | D:1      | Reached XP level 2. HP: 24/24 MP: 2/2
   977 | D:2      | Reached XP level 3. HP: 30/30 MP: 3/3
  1026 | D:2      | Noticed Terence
  1326 | D:2      | Found a faded altar of an unknown god.
  1709 | D:3      | Gained mutation: You are somewhat resistant to further
                  | mutation. [potion of mutation]
  1709 | D:3      | Gained mutation: You passively map a small area around you.
                  | [potion of mutation]
  1712 | D:3      | HP: 1/30 [orc wizard/+0 dagger (3)]
  1717 | D:3      | Reached skill level 4 in Fighting
  1717 | D:3      | Reached XP level 4. HP: 19/37 MP: 4/4
  2062 | D:3      | Found a broken altar of Ashenzari.
  2250 | D:4      | Noticed a scorpion
  2359 | D:4      | Reached skill level 1 in Armour
  2359 | D:4      | Reached XP level 5. HP: 43/43 MP: 5/5
  2406 | D:4      | HP: 2/43 [scorpion (2)]
  2407 | D:4      | Succumbed to a scorpion's poison

Illustrated notes

Levels and vault maps discovered:
D:1:      minmay_arrival_four_houses, layout_basic
D:2:      layout_loops_ring, shapermc_ecumenical_altar_mp_vishouse,
          serial_bayou_pond_d, minmay_split_cup_large, uniq_terence
D:3:      layout_rooms, mainiacjoe_overflow_alcove_2, dreamdust_wishing_well,
          roderic_batcave
D:4:      layout_basic, nzn_wu_jian_council_hall

Skill      XL: |  1  2  3  4 |
---------------+-------------+-----
Dodging        | 3 |  3.4
Fighting       | 4 |  4.4
Armour         | 1 |  1.5
Maces & Flails | |  3.9

Action                     |  1- 3 |  4- 6 || total
---------------------------+-------+-------++-------
  Melee: Mace              |    99 |    81 ||   180
    Use: Potion            |     4 |     1 ||     5
 Armour: Robe              |    67 |     2 ||    69
         Leather armour    |       |    27 ||    27
         Chain mail        |       |    25 ||    25
  Dodge: Dodged            |    82 |    61 ||   143

Table legend: (Time is in decaauts)
 A = Elapsed time spent in this place.
 B = Non-inter-level travel time spent in this place.
 C = Inter-level travel time spent in this place.
 D = Time resting spent in this place.
 E = Time spent auto-exploring this place.
 F = Levels seen in this place.
 G = Mean time per level.
                   A        B        C        D        E       F      G
               +--------+--------+--------+--------+--------+-----+--------+
         Total |   2445 |   2334 |    111 |    238 |   1586 |   4 |  611.2 |
       Dungeon |   2445 |   2334 |    111 |    238 |   1586 |   4 |  611.2 |
               +--------+--------+--------+--------+--------+-----+--------+

Top non-repeatable levels by time:
     D:1: 1198 daAuts
     D:3: 684 daAuts
     D:2: 470 daAuts
     D:4: 92 daAuts
